 Dungeon Crawl Stone Soup version 0.22-a0-407-gb098539 (webtiles) character file.

81344 dstrtnsr the Severer (level 15, -2/220 HPs)
             Began as a Hill Orc Berserker on May 9, 2018.
             Was a High Priest of Trog.
             Killed from afar by a shock serpent (6 damage)
             ... with an electric aura
             ... on level 2 of the Snake Pit.
             The game lasted 00:25:18 (18452 turns).

dstrtnsr the Severer (Hill Orc Berserker)          Turns: 18452, Time: 00:25:19

Health: -2/220     AC: 23    Str: 32    XL:     15   Next: 70%
Magic:  0/15       EV:  9    Int:  7    God:    Trog [*****.]
Gold:   1121       SH: 21    Dex: 10    Spells: 14/14 levels left

rFire    . . .     SeeInvis .   L - +2 broad axe (freeze)
rCold    . . .     Gourm    .   K - +0 large shield
rNeg     . . .     Faith    .   i - +0 plate armour
rPois    +         Spirit   +   G - +0 helmet
rElec    .         Reflect  .   n - scarf {Spirit}
rCorr    .         Harm     .   D - +0 pair of gloves
MR       +....                  (no boots)
Stlth    ..........             (no amulet)
HPRegen  0.46/turn              x - +5 ring of protection
MPRegen  0.14/turn              p - ring of poison resistance

@: berserking, very quick
A: no striking features
a: Berserk, Trog's Hand, Brothers in Arms, Renounce Religion


You were on level 2 of the Snake Pit.
You worshipped Trog.
Trog was extremely pleased with you.
You were not hungry.

You visited 3 branches of the dungeon, and saw 23 of its levels.

You collected 1121 gold pieces.

Inventory:

Hand Weapons
 r - a +7 hand axe of chopping
 H - a +2 broad axe of chopping
 L - a +2 broad axe of freezing (weapon)
Missiles
 O - 3 throwing nets (quivered)
Armour
 i - a +0 plate armour (worn)
 n - a scarf of spirit shield (worn)
 D - a +0 pair of gloves (worn)
 G - a +0 helmet (worn)
 K - a +0 large shield (worn)
Jewellery
 p - a ring of poison resistance (right hand)
 x - a +5 ring of protection (left hand)
 N - a +6 ring of protection
Wands
 s - a wand of clouds (5)
 C - a wand of scattershot (3)
 E - a wand of enslavement (11)
 F - a wand of flame (18)
 I - a wand of iceblast (17)
 M - a wand of polymorph (12)
 P - a wand of paralysis (35)
Scrolls
 c - 3 scrolls of enchant armour
 h - a scroll of fog
 o - a scroll of immolation
 u - 5 scrolls of identify {@r1}
 y - 4 scrolls of magic mapping
 B - 8 scrolls of remove curse {@r2}
 J - 3 scrolls of fear
Potions
 a - 4 potions of mutation
 b - 3 potions of agility
 d - 3 potions of invisibility
 f - a potion of brilliance
 g - 6 potions of curing {@q1}
 j - 3 potions of ambrosia
 k - 6 potions of haste
 m - 2 potions of flight
 t - 2 potions of lignification
 v - a potion of heal wounds
 A - a potion of cancellation
Miscellaneous
 w - a phial of floods (inert)
Comestibles
 e - 21 rations {!d}


   Skills:
 * Level 17.4 Fighting
 - Level 18.0 Axes
 + Level 11.9 Armour
 + Level 7.0 Dodging
 * Level 12.8 Shields


You had 14 spell levels left.
You didn't know any spells.

Dungeon Overview and Level Annotations

Branches:
Dungeon (15/15)              Lair (6/6) D:9          Shoals (0/4) Lair:4
  Snake (2/4) Lair:2        Slime (0/5) Lair:5       Vaults (0/5) D:14
 Depths (0/5) D:15
 Temple: D:4-7          Orc: D:9-12

Altars:
Ashenzari
Elyvilon
Fedhas
Kikubaaqudgha
Makhleb
Nemelex Xobeh
Okawaru
Ru
Trog
Zin
Jiyva

Annotations:
D:3 Sigmund
D:8 exclusion: ice statue
Lair:2 exclusion: oklob plant
Lair:3 exclusion: 2 oklob plants


Message History

Press: ? - help, Shift-Dir - straight line, f/p - shock serpent
Aim: a shock serpent (moderately wounded, chance to defeat MR: 28%)
The shock serpent easily resists.
Evoke which item? (* to show all) (? for menu, Esc to quit)
Aim the phial where?
Press: ? - help, Shift-Dir - straight line, f - you, p - shock serpent Really target yourself?
Okay, then.
Unknown command.
Evoke which item? (* to show all) (? for menu, Esc to quit)
You don't have any such object.
Evoke which item? (* to show all) (? for menu, Esc to quit)
Okay, then.
Evoke which item? (* to show all) (? for menu, Esc to quit)
Aim the phial where?
Press: ? - help, Shift-Dir - straight line The torrent of water hits the shock serpent.
The shock serpent is heavily wounded.
The wave splashes down.
Splash!
You fall into the shallow water.
Moving in this stuff is going to be slow.
The water rises up and takes form.
The shock serpent's electric aura discharges, shocking you!
You hear an angry hiss.
You hear a shout!
You hear an angry hiss. x2
You hear a shout!
You hear an angry hiss. x2; You hear a shout!
The shock serpent shoots out a bolt of lightning at you!
The bolt of electricity hits you!
* * * LOW HITPOINT WARNING * * *
The bolt of electricity hits you!
* * * LOW HITPOINT WARNING * * *
The bolt of electricity hits the shock serpent.
The shock serpent completely resists.
The bolt of electricity hits your water elemental.
Your water elemental resists.
You block the shock serpent's attack.
Unknown command.
You feel much better. You block the shock serpent's attack.
Your water elemental hits the shock serpent!
Your water elemental engulfs the shock serpent in water!
The shock serpent's electric aura discharges, shocking your water elemental!
Your water elemental resists.
You're too hungry.
You are too injured to fight recklessly!
You are too injured to fight recklessly!
You are too injured to fight recklessly!
Your unstable footing causes you to fumble your attack.
The shock serpent's electric aura discharges, shocking your water elemental!
Your water elemental resists.
The shock serpent bites your water elemental.
The shock serpent shocks your water elemental.
Your water elemental resists.
The shock serpent bites your water elemental!!
The shock serpent shocks your water elemental.
Your water elemental resists.
Your water elemental is destroyed!
Your unstable footing causes you to fumble your attack.
You block the shock serpent's attack.
Your unstable footing causes you to fumble your attack.
You block the shock serpent's attack.
You barely miss the shock serpent.
The shock serpent is severely wounded.
The shock serpent shoots out a bolt of lightning at you!
The bolt of electricity hits you!
* * * LOW HITPOINT WARNING * * *
The bolt of electricity hits you!
* * * LOW HITPOINT WARNING * * *
The bolt of electricity hits the shock serpent.
The shock serpent completely resists.
Unknown command.
You feel much better.
The shock serpent shoots out a bolt of lightning at you!
The bolt of electricity hits you!
* * * LOW HITPOINT WARNING * * *
The bolt of electricity hits you!
* * * LOW HITPOINT WARNING * * *
The bolt of electricity hits the shock serpent.
The shock serpent completely resists.
You block the shock serpent's attack.
Unknown command.
Unknown command.
You feel much better.
The shock serpent bites you but does no damage.
Unknown command.
Okay, then.
You're too hungry.
You eat one of the 22 rations {!d}.
That ration really hit the spot!
The shock serpent splashes around in the water.
The shock serpent shoots out a bolt of lightning at you!
The bolt of electricity hits you!
* * * LOW HITPOINT WARNING * * *
A red film seems to cover your vision as you go berserk!
You feel yourself moving faster!
You feel mighty!
You feel a lot more hungry. The shock serpent bites you.
* * * LOW HITPOINT WARNING * * *
The shock serpent shocks you!
* * * LOW HITPOINT WARNING * * *
You slash the shock serpent! You freeze the shock serpent.
The shock serpent is almost dead.
The shock serpent's electric aura discharges, shocking you!
You die...

#.#...... ..
#.#.....##.
##.......#.# .#
...........## ...
#...........# ....
.......)≈)..###....
#...))≈≈##......
#####.≈≈S........
##.......@........
........#...........
#######...#).........
###............
#..#.....#....
####...........#
#..#..........#
###..........#
##.).......#


You could see a shock serpent.

Vanquished Creatures
  Rupert (D:14)
  Frances (Snake:1)
  A nagaraja (Snake:2)
  Nessos (D:14)
  An ogre mage (D:15)
  A yaktaur captain (D:15)
  3 hydras
  3 naga warriors (Snake:1)
  2 centaur warriors
  An anaconda (Snake:1)
  4 death yaks (Lair:6)
  3 two-headed ogres
  A tengu warrior (D:13)
  A salamander mystic (Snake:2)
  3 unseen horrors (D:14)
  A naga ritualist (Snake:1)
  2 mana vipers
  3 orc knights
  6 salamanders
  12 elephants
  2 cyclopes
  10 black mambas
  2 guardian serpents (Snake:1)
  Joseph (D:8)
  4 naga magi
  2 torpor snails
  A gargoyle (D:11)
  6 komodo dragons
  A rime drake (Lair:6)
  8 spiny frogs
  2 yaktaurs (D:15)
  2 trolls
  A tengu conjurer (D:14)
  9 polar bears
  Prince Ribbit (D:8)
  Grinder (D:3)
  13 slime creatures
  2 raiju (Lair:6)
  14 blink frogs
  5 hippogriffs
  A tarantella (shapeshifter) (D:15)
  2 wraiths
  4 wyverns
  32 yaks
  A basilisk (D:9)
  16 humans (D:14)
  4 vampire mosquitoes (D:14)
  An acid dragon (D:12)
  6 nagas
  The ghost of Soeti the Insei, an amateur OpTm of Cheibriados (D:4)
  4 wargs
  14 water moccasins
  13 hell hounds (Lair:6)
  11 porcupines
  6 orc warriors
  An ice beast (D:9)
  12 black bears
  2 eyes of draining
  A phantom (D:6)
  A necrophage (D:14)
  21 wolves
  3 ogres
  17 crocodiles
  2 centaurs
  A big kobold (D:7)
  2 elf zombies (D:8)
  A gnoll sergeant (D:11)
  14 bullfrogs
  A wyvern skeleton (D:10)
  2 scorpions
  3 killer bees (D:9)
  8 wights
  5 electric eels
  4 howler monkeys
  3 bullfrog zombies
  A centaur zombie (D:6)
  A wyvern simulacrum (D:14)
  10 orc priests
  3 hounds
  2 bullfrog skeletons
  A gnoll shaman (D:7)
  4 centaur skeletons
  4 jellies
  14 orc wizards
  Terence (D:3)
  3 iguanas
  5 worker ants
  6 hell rats (Lair:6)
  A killer bee zombie (D:7)
  3 worker ant zombies
  7 gnolls
  13 adders
  4 shadow imps
  An ooze (D:3)
  4 worms
  3 dart slugs
  A leopard gecko (D:2)
  55 orcs
  4 giant cockroaches
  9 goblins
  5 hobgoblins
  5 jackals
  2 quokkas
  A ball python (D:3)
  5 bats (D:2)
  6 frilled lizards
  A jackal zombie (D:6)
  12 kobolds
  An orc skeleton (D:8)
  A quokka skeleton (D:6)
  10 rats
  5 fungi
  2 plants (D:9)
574 creatures vanquished.

Vanquished Creatures (collateral kills)
  2 ogre magi (D:15)
  2 hydras (Lair:6)
  A death knight (D:15)
  7 two-headed ogres (D:15)
  A deep elf knight (D:15)
  3 skeletal warriors (D:15)
  An orc knight (D:15)
  An elephant (Lair:3)
  A torpor snail (Lair:6)
  A spiny frog (Lair:6)
  A komodo dragon (Lair:3)
  2 rime drakes (Lair:6)
  A hornet (D:7)
  2 polar bears (Lair:6)
  A raiju (Lair:6)
  A yak (D:9)
  A warg (Lair:6)
  A hell hound (Lair:6)
  A water moccasin (Lair:6)
  A porcupine (D:9)
  A swamp drake (Lair:6)
  2 ogres (D:15)
  A wolf (Lair:6)
  A crocodile (D:9)
  2 killer bees (D:9)
  A hound (D:7)
  An orc priest (D:9)
  An orc wizard (D:7)
  An iguana (D:9)
  An adder (D:9)
  7 orcs
  2 jackals (D:9)
  A fungus (D:9)
54 creatures vanquished.

Vanquished Creatures (others)
  4 fungi
  19 plants
23 creatures vanquished.

Grand Total: 651 creatures vanquished

Notes
Turn   | Place    | Note
-------+----------+-------------------------------------------
     0 | D:1      | dstrtnsr the Hill Orc Berserker began the quest for the Orb.
     0 | D:1      | Reached XP level 1. HP: 19/19 MP: 1/1
   310 | D:1      | Reached XP level 2. HP: 27/27 MP: 2/2
   510 | D:2      | Reached skill level 5 in Axes
   573 | D:2      | Reached XP level 3. HP: 27/33 MP: 3/3
   740 | D:2      | Found a sparkling altar of Nemelex Xobeh.
   839 | D:2      | Reached ** piety under Trog
   875 | D:2      | Reached XP level 4. HP: 38/41 MP: 4/4
   890 | D:2      | Reached skill level 6 in Axes
  1300 | D:3      | Reached XP level 5. HP: 42/47 MP: 5/5
  1363 | D:3      | Found an iron altar of Okawaru.
  1396 | D:3      | Found a white marble altar of Elyvilon.
  1397 | D:3      | Noticed Terence
  1404 | D:3      | Killed Terence
  1479 | D:3      | Reached skill level 5 in Fighting
  1485 | D:3      | Reached skill level 7 in Axes
  1564 | D:3      | Noticed Grinder
  1573 | D:3      | Killed Grinder
  1573 | D:3      | Reached skill level 8 in Axes
  1573 | D:3      | Reached XP level 6. HP: 57/57 MP: 6/6
  1658 | D:3      | Reached XP level 7. HP: 63/63 MP: 7/7
  1700 | D:3      | Reached *** piety under Trog
  1886 | D:4      | Reached skill level 9 in Axes
  1938 | D:4      | Found a burning altar of Makhleb.
  2131 | D:4      | Noticed Soeti's ghost (amateur OpTm)
  2139 | D:4      | Killed Soeti's ghost
  2181 | D:4      | HP: 25/64 [poisoned by a worker ant]
  2186 | D:4      | HP: 22/64 [poisoned by a worker ant]
  2191 | D:4      | HP: 20/64 [poisoned by a worker ant]
  2196 | D:4      | HP: 19/64 [poisoned by a worker ant]
  2203 | D:4      | HP: 18/64 [poisoned by a worker ant]
  2211 | D:4      | HP: 18/64 [poisoned by a worker ant]
  2771 | D:4      | Reached skill level 10 in Axes
  2829 | D:4      | Reached XP level 8. HP: 73/73 MP: 8/8
  2839 | D:4      | HP: 26/73 [orc priest/divine providence (12)]
  2900 | D:3      | Noticed Sigmund
  3260 | D:5      | Entered Level 5 of the Dungeon
  3383 | D:6      | Found a glowing silver altar of Zin.
  3408 | D:6      | Reached **** piety under Trog
  3412 | D:6      | Reached skill level 11 in Axes
  3970 | D:7      | Reached skill level 12 in Axes
  3971 | D:7      | Reached XP level 9. HP: 75/82 MP: 7/9
  3991 | D:7      | Noticed a hornet
  3998 | D:7      | Killed a hornet
  4014 | D:7      | Reached skill level 13 in Axes
  4040 | D:7      | Reached ***** piety under Trog
  4590 | D:7      | Found a bloodstained altar of Trog.
  4670 | D:8      | Noticed an ice devil
  4672 | D:8      | Noticed an ice devil
  4673 | D:8      | Noticed an ice devil
  4673 | D:8      | Noticed an ice statue
  4673 | D:8      | Noticed an ice devil
  4721 | D:8      | Noticed Prince Ribbit
  4724 | D:8      | HP: 30/84 [Prince Ribbit (7)]
  4730 | D:8      | HP: 33/126 [Prince Ribbit (13)]
  4735 | D:8      | Killed Prince Ribbit
  5235 | D:8      | Noticed an ice devil
  5280 | D:8      | Reached skill level 14 in Axes
  5343 | D:8      | Noticed Joseph
  5364 | D:8      | Killed Joseph
  5364 | D:8      | Reached skill level 10 in Fighting
  5364 | D:8      | Reached XP level 10. HP: 58/93 MP: 6/10
  5718 | D:9      | Found a staircase to the Lair.
  5728 | D:9      | Reached skill level 5 in Armour
  5780 | D:9      | Reached skill level 15 in Axes
  5817 | Lair:1   | Entered Level 1 of the Lair of Beasts
  6102 | Lair:1   | Noticed a spiny frog
  6106 | Lair:1   | Killed a spiny frog
  6239 | Lair:1   | Noticed a spiny frog
  6246 | Lair:1   | Killed a spiny frog
  6276 | Lair:1   | Reached XP level 11. HP: 47/102 MP: 11/11
  6296 | Lair:1   | HP: 59/153 [spiny frog (11)]
  6303 | Lair:1   | Reached skill level 16 in Axes
  6789 | Lair:2   | You fall through a shaft!
  7407 | Lair:3   | HP: 34/104 [elephant (10)]
  7415 | Lair:3   | HP: 21/104 [elephant (7)]
  7418 | Lair:3   | Reached skill level 17 in Axes
  8057 | Lair:3   | Noticed an oklob plant
  8057 | Lair:3   | Noticed an oklob plant
  8134 | Lair:3   | Reached skill level 1 in Shields
  8214 | Lair:3   | Noticed a lindwurm
  8245 | Lair:3   | Noticed a lindwurm
  8260 | Lair:3   | Noticed a lindwurm
  8260 | Lair:3   | Noticed a lindwurm
  8502 | Lair:4   | Found a shattered altar of Ashenzari.
  8619 | Lair:4   | Reached XP level 12. HP: 113/113 MP: 10/12
  8794 | Lair:4   | Found a staircase to the Shoals.
  9758 | Lair:5   | Found a viscous altar of Jiyva.
  9758 | Lair:5   | Found a staircase to the Slime Pits.
 10357 | Lair:5   | Noticed a seven-headed hydra
 10365 | Lair:5   | Killed an 11-headed hydra
 10550 | Lair:6   | Entered Level 6 of the Lair of Beasts
 10589 | Lair:5   | HP: 43/115 [blink frog (6)]
 10854 | Lair:5   | Reached skill level 5 in Shields
 10920 | Lair:5   | Reached skill level 18 in Axes
 11184 | Lair:6   | Noticed a six-headed hydra
 11193 | Lair:6   | Killed a six-headed hydra
 11362 | Lair:6   | Noticed a five-headed hydra
 11374 | Lair:6   | HP: 43/115 [12-headed hydra (8)]
 11650 | Lair:6   | Killed a 14-headed hydra
 11689 | Lair:6   | Noticed a four-headed hydra
 11693 | Lair:6   | Reached XP level 13. HP: 74/123 MP: 8/13
 11723 | Lair:6   | Found an ancient bone altar of Kikubaaqudgha.
 12649 | Lair:6   | HP: 74/187 [raiju (8)]
 12650 | Lair:6   | Received a gift from Trog
 12654 | Lair:6   | Reached skill level 10 in Armour
 12659 | Lair:6   | HP: 73/187 [wolf (3)]
 12670 | Lair:6   | HP: 50/125 [polar bear (3)]
 13668 | D:9      | Found a sacrificial altar of Ru.
 13720 | D:9      | Reached skill level 15 in Fighting
 13852 | D:9      | Found a bloodstained altar of Trog.
 14041 | D:10     | Entered Level 10 of the Dungeon
 14194 | D:10     | Reached XP level 14. HP: 112/135 MP: 12/14
 14302 | D:11     | Reached skill level 5 in Dodging
 14697 | D:13     | Reached skill level 10 in Shields
 15057 | D:14     | Received a gift from Trog
 15211 | D:14     | Noticed Rupert
 15220 | D:14     | Found a gate to the Vaults.
 15221 | D:14     | Noticed Nessos
 15318 | D:14     | Killed Nessos
 16044 | D:14     | Killed Rupert
 16105 | D:14     | Identified a scroll of acquirement
 16164 | D:15     | Entered Level 15 of the Dungeon
 16267 | D:15     | Found a staircase to the Depths.
 16290 | D:15     | HP: 50/138 [orc knight/enchanted halberd (14)]
 16290 | D:15     | Reached XP level 15. HP: 53/145 MP: 5/15
 16295 | D:15     | HP: 57/145 [two-headed ogre/giant club (5)]
 16302 | D:15     | HP: 56/145 [ogre mage/bolt of fire (9)]
 16308 | D:15     | HP: 32/145 [ogre mage/bolt of fire (31)]
 16327 | D:15     | HP: 44/145 [two-headed ogre/dire flail (7)]
 16926 | Lair:2   | Found a blossoming altar of Fedhas.
 17020 | Lair:2   | Found a staircase to the Snake Pit.
 17031 | Snake:1  | Entered Level 1 of the Snake Pit
 17304 | Snake:1  | Noticed Frances
 17315 | Snake:1  | Killed Frances
 17447 | Snake:1  | HP: 85/220 [naga warrior/war axe (6)]
 17453 | Snake:1  | HP: 61/220 [poisoned by a guardian serpent (bolt of poison)]
 17459 | Snake:1  | HP: 40/147 [poisoned by a guardian serpent (bolt of poison)]
 17464 | Snake:1  | HP: 41/147 [poisoned by a guardian serpent (bolt of poison)]
 17530 | Snake:1  | HP: 56/147 [salamander/spear (7)]
 17554 | Snake:1  | HP: 56/147 [naga warrior/long sword (11)]
 17559 | Snake:1  | HP: 56/147 [naga warrior/long sword (4)]
 18282 | Snake:2  | Noticed a nagaraja
 18298 | Snake:2  | Killed a nagaraja
 18439 | Snake:2  | HP: 52/147 [shock serpent/bolt of electricity (22)]
 18441 | Snake:2  | HP: 16/147 [shock serpent/bolt of electricity (12)]
 18446 | Snake:2  | HP: 37/147 [shock serpent/bolt of electricity (13)]
 18446 | Snake:2  | HP: 13/147 [shock serpent/bolt of electricity (24)]
 18447 | Snake:2  | HP: 4/147 [shock serpent/bolt of electricity (15)]
 18452 | Snake:2  | Killed from afar by a shock serpent

Vault maps used:
D:1:      grunt_arrival_crossed_arrows, st_stairs_5
D:2:      kb_forest_paths, hex_intersection, nemelex_diamond_rough_becter
D:3:      okawaru_metal_pillars_1_2, nicolae_overflow_crystal_walls,
          uniq_grinder, uniq_sigmund, uniq_terence
D:4:      lemuel_doored_altar
D:5:      amethyst_overflow_temple_binary, nicolae_dithmenos_shadow_blocks,
          minmay_temple_entry_grid, first_ration, uniq_edmund
D:6:      cheibrodos_quashed, lemuel_crystal_altar,
          lemuel_coloured_pillars_altar
D:7:      overflow_temple_1_default, serial_glass, glass_columns_c,
          glass_columns_b, grunt_ogre_cave
D:8:      cheibrodos_frozen_isle, lemuel_mausoleum_altar_kikubaaqudgha,
          serial_glass, glass_columns_a, glass_columns_b, glass_columns_a,
          glass_columns_b, makhleb_altar_promises_db, uniq_prince_ribbit1,
          uniq_joseph
D:9:      nicolae_ru_sacrificial_ziggurat, minmay_lair_entry_grove, basic_altar
D:10:     uniq_gastronok
D:11:     orc_0_dummy, basic_altar
D:12:     minmay_misc_feat_x
D:13:     grunt_ministairs_12, uniq_urug
D:14:     minmay_blocky_corners, david_vaults_3, infiniplex_staircase_diamond
D:15:     hangedman_depths_entry_civil_slaughter, grunt_potential
Lair:1:   dpeg_stationary_puzzle
Lair:2:   dummy_snake_entry, tgw_fedhas
Lair:3:   minmay_lindwurm_lava, grunt_megastairs_4, minmay_lair_oklob_chamber,
          serial_bayou_shore_a
Lair:4:   elwin_shoals_entry_rocks, basic_altar
Lair:5:   slime_altar_1
Lair:6:   hangedman_lair_caniforms_friends, guppyfry_lair_end_dragon,
          basic_altar, serial_bayou_shore_b, infiniplex_staircase_pool
Snake:1:  grunt_ministairs_14, grunt_megastairs_1, uniq_frances

Skill      XL: |  1  2  3  4  5  6  7  8  9 10 11 12 13 14 15 |
---------------+----------------------------------------------+-----
Fighting       | 4 5 6 7 8 10 11 12 13 15 16 17 | 17.4
Axes           | 5 6 8 10 12 14 15 17 18 | 18.0
Armour         | 4 6 8 9 10 11 | 11.9
Shields        | 2 6 9 11 12 | 12.8
Dodging        | 3 4 6 7 |  7.0

Action                   |  1- 3 |  4- 6 |  7- 9 | 10-12 | 13-15 || total
-------------------------+-------+-------+-------+-------+-------++-------
Melee: Hand axe          |    81 |    84 |   261 |   144 |       ||   570
       War axe           |       |       |       |   319 |   171 ||   490
       Broad axe         |       |       |       |       |   684 ||   684
Invok: Berserk           |     1 |     5 |    12 |    14 |    26 ||    58
       Trog's Hand       |       |     1 |     2 |     3 |     4 ||    10
       Brothers in Arms  |       |       |     1 |     8 |     5 ||    14
Evoke: Wand              |       |       |       |     6 |     2 ||     8
       Phial of floods   |       |       |       |     1 |     2 ||     3
  Use: Scroll            |       |       |    14 |    13 |    12 ||    39
       Potion            |       |       |       |     2 |     4 ||     6
 Stab: Distracted        |       |       |       |     2 |       ||     2
  Eat: Chunk             |     1 |     6 |    13 |    27 |    35 ||    82
       Ration            |       |       |     3 |     3 |     5 ||    11
Armor: Ring mail         |    35 |    26 |    16 |       |       ||    77
       Chain mail        |       |       |    52 |       |       ||    52
       Plate armour      |       |       |    30 |   269 |   381 ||   680
Dodge: Dodged            |    52 |    42 |    84 |   118 |   130 ||   426
Block: Large shield      |       |       |       |   231 |   719 ||   950

Table legend:
 A = Spawn XP
 B = Non-spawn XP
 C = Spawn XP percentage of total XP
 D = Spawn monster count
 E = Non-spawn monster count
 F = Spawn count percentage of total count
 G = Total turns spent on level
                    A         B        C        D         E        F      G
               +---------+---------+-------+---------+---------+-------+---------
         Total |       0 |  116206 |   0.0 |       0 |     620 |   0.0 | 18452
               +---------+---------+-------+---------+---------+-------+---------
           D:1 |       0 |      12 |   0.0 |       0 |       8 |   0.0 |   368
           D:2 |       0 |     113 |   0.0 |       0 |      26 |   0.0 |   762
           D:3 |       0 |     596 |   0.0 |       0 |      33 |   0.0 |   790
           D:4 |       0 |     597 |   0.0 |       0 |      21 |   0.0 |  1340
           D:5 |       0 |     126 |   0.0 |       0 |       8 |   0.0 |    62
           D:6 |       0 |     513 |   0.0 |       0 |      24 |   0.0 |   681
           D:7 |       0 |    1806 |   0.0 |       0 |      49 |   0.0 |   659
           D:8 |       0 |    1550 |   0.0 |       0 |      20 |   0.0 |  1049
           D:9 |       0 |    2911 |   0.0 |       0 |      35 |   0.0 |   629
          D:10 |       0 |    1855 |   0.0 |       0 |      22 |   0.0 |   227
          D:11 |       0 |    2311 |   0.0 |       0 |      15 |   0.0 |   234
          D:12 |       0 |    3001 |   0.0 |       0 |      13 |   0.0 |   302
          D:13 |       0 |    5341 |   0.0 |       0 |      18 |   0.0 |   283
          D:14 |       0 |   17162 |   0.0 |       0 |      56 |   0.0 |  1236
          D:15 |       0 |   11829 |   0.0 |       0 |      31 |   0.0 |   208
        Lair:1 |       0 |    3269 |   0.0 |       0 |      17 |   0.0 |  1034
        Lair:2 |       0 |    3058 |   0.0 |       0 |      16 |   0.0 |   555
        Lair:3 |       0 |    6933 |   0.0 |       0 |      29 |   0.0 |  1528
        Lair:4 |       0 |    3628 |   0.0 |       0 |      15 |   0.0 |  1286
        Lair:5 |       0 |    6184 |   0.0 |       0 |      26 |   0.0 |  1514
        Lair:6 |       0 |   22798 |   0.0 |       0 |     103 |   0.0 |  2284
       Snake:1 |       0 |   15070 |   0.0 |       0 |      26 |   0.0 |  1251
       Snake:2 |       0 |    5543 |   0.0 |       0 |       9 |   0.0 |   170
               +---------+---------+-------+---------+---------+-------+---------
